 Dungeon Crawl Stone Soup version 0.32-a0-290-g598725c5f2 (webtiles) character file.

Game seed: 4118982248955965062

1822 promet the Covert (level 8, -14/39 (42) HPs)
             Began as a Spriggan Brigand on Feb 13, 2024.
             Was a Believer of Dithmenos.
             Demolished by a wight
             ... wielding a +4 war axe
              (16 damage)
             ... on level 6 of the Dungeon on Feb 14, 2024.
             The game lasted 00:59:38 (9585 turns).

promet the Covert (Spriggan Brigand)                Turns: 9585, Time: 00:59:39

HP:   -14/39 (42)   AC:  4    Str:  9    XL:     8   Next: 85%
MP:   11/11         EV: 19    Int: 12    God:    Dithmenos [**....]
Gold: 379           SH:  0    Dex: 17    Spells: 9/9 levels left

rFire   . . .        c - +2 hand axe (venom)
rCold   . . .        (no shield)
rNeg    . . .        f - +0 robe
rPois   .            (helmet restricted)
rElec   .            l - +1 cloak
rCorr   .            (gloves unavailable)
SInv    +            (boots unavailable)
Will    +....        (no amulet)
Stlth   ++++++       (no ring)
HPRegen 0.26/turn    (no ring)
MPRegen 0.12/turn

%: no passive effects
@: wreathed by umbra, drained, very quick
A: very small, no large weapons, unfitting armour, see invisible, speed 3
a: Renounce Religion, Shadow Step


You were on level 6 of the Dungeon.
You worshipped Dithmenos.
Dithmenos was pleased with you.
You visited 1 branch of the dungeon, and saw 6 of its levels.
You also visited: Sewer.

You collected 379 gold pieces.

Inventory:

Hand Weapons
 a - a +3 dagger of electrocution
 b - a +0 shortbow
 c - a +2 hand axe of venom (weapon)
 d - a +0 spear
 j - a +2 dagger
 r - a +0 long sword
 y - a +0 war axe
 A - a +0 rapier
 D - a +3 whip
Missiles
 e - 3 curare-tipped darts
 s - 8 poisoned darts (quivered)
 w - 2 darts of dispersal
 B - 3 datura-tipped darts
 E - 6 boomerangs
Armour
 f - a +0 robe (worn)
 l - a +1 cloak (worn)
Magical Staves
 u - a staff of cold
Jewellery
 h - a ring of fire
 q - a ring of positive energy
Wands
 k - a wand of iceblast (14)
 z - a wand of polymorph (4)
 F - a wand of flame (20)
Scrolls
 x - a scroll of fear
 C - a scroll of vulnerability
 G - a scroll of identify
Potions
 g - a potion of heal wounds {unknown}
 m - 2 potions of cancellation {unknown}
 n - a potion of brilliance {unknown}
 o - a potion of mutation {unknown}
 p - 3 potions of enlightenment
 t - 3 potions of curing
 v - a potion of attraction {unknown}


   Skills:
 * Level 4.3 Fighting
 + Level 4.3 Short Blades
 + Level 2.9(3.0) Axes
 + Level 0.4(1.6) Polearms
 + Level 3.6 Ranged Weapons
 + Level 3.6 Throwing
 + Level 4.7 Dodging
 * Level 11.2 Stealth
 + Level 1.4 Spellcasting


You had 9 spell levels left.
You didn't know any spells.
Your spell library contained the following spells:

 Spells                   Type           Power      Damage    Failure   Level
 Scorch                   Fire           0%         2d5       41%         2
 Sublimation of Blood     Necr           0%         N/A       41%         2
 Hailstorm                Conj/Ice       0%         3d5       65%         3
 Summon Ice Beast         Ice/Summ       0%         N/A       65%         3
 Flame Wave               Conj/Fire      0%         2d4       96%         4
 Petrify                  Alch/Erth      0%         N/A       96%         4
 Irradiate                Conj/Alch      0%         3d11      100%        5
 Sculpt Simulacrum        Ice/Alch       0%         N/A       100%        6
 Summon Cactus Giant      Summ           0%         N/A       100%        6


Dungeon Overview and Level Annotations

Branches:
Dungeon (6/15)             Temple (0/1) D:6           Sewer (visited)

Altars:
Ashenzari
Dithmenos
Elyvilon
Trog
Yredelemnul
The Shining One


Innate Abilities, Weirdness & Mutations

You are very small and have problems with some larger weapons.
You are too small for most types of armour.
You have supernaturally acute eyesight. (SInv)
You cover ground extremely quickly. (Speed+++)


Message History

The wight is lightly damaged.
The wight completely misses you.
You barely miss the wight.
The wight is lightly damaged.
The wight barely misses you.
You hit the wight.
The wight is lightly damaged.
The wight closely misses you.
You see here a +0 whip.
You hit the wight.
The wight is heavily damaged.
The wight misses you.
You barely miss the wight.
The wight is heavily damaged.
The wight closely misses you.
You closely miss the wight.
The wight is heavily damaged.
The wight completely misses you.
You completely miss the wight.
The wight is heavily damaged.
The wight closely misses you.
You hit the wight but do no damage.
The wight is heavily damaged.
The wight misses you.
You hit the wight but do no damage.
The wight is heavily damaged.
The wight completely misses you.
You barely miss the wight.
The wight is heavily damaged.
The wight misses you. The wight hits you with a +4 war axe.
You feel drained. The wight closely misses you.
You hit the wight.
The wight is severely damaged.
You hit the wight but do no damage. The wight hits you with a +4 war axe!
* * * LOW HITPOINT WARNING * * *
The wight misses you.
You barely miss the wight.
The wight is severely damaged.
You hit the wight but do no damage. The wight hits you with a +4 war axe!
You die...

##.....((....gg.g.#
#######(.(#############.#
..>.......# ##..#
#######...# ##.#.#######
##### #.#.........
##...####### ###### ##..#
.z.....############ #..#
....z..O.......z@.# #..#
.......##########z# #..#
......%##########.## #..#
%...O.K.....).K....# #..#
.......##########..# #..#
...... #..# #..# ......
#..# #..# #..# #..###.##
#..###........


You could see 2 wights.

Vanquished Creatures
  A two-headed ogre (D:5)
  Eustachio (D:5)
  2 ogres
  A centaur (D:4)
  A brain worm (Sewer)
  A gnoll sergeant (D:6)
  2 hounds
  3 iguanas
  6 orc wizards
  A mummy (D:5)
  5 gnolls
  3 river rats
  15 adders
  2 white imps
  3 dart slugs
  3 ribbon worms
  19 orcs
  4 endoplasms
  7 giant cockroaches
  5 goblins
  3 hobgoblins
  9 kobolds
  7 quokkas
  10 ball pythons
  9 bats
  8 frilled lizards
  4 rats
135 creatures vanquished.

Vanquished Creatures (others)
  An orc (D:4)
1 creature vanquished.

Grand Total: 136 creatures vanquished

Notes
Turn   | Place    | Note
-------+----------+-------------------------------------------
     0 | D:1      | promet the Spriggan Brigand began the quest for the Orb.
     0 | D:1      | Reached XP level 1. HP: 10/10 MP: 2/2
    10 | D:1      | You fall into a shaft and drop 1 floor!
    46 | D:2      | Identified the +3 leather armour "Cawnodgh" {Rampage
                  | Slay+2}
   165 | D:1      | Reached skill level 6 in Stealth
   222 | D:1      | Reached XP level 2. HP: 15/15 MP: 3/3
  1530 | D:2      | Reached XP level 3. HP: 18/18 MP: 4/4
  2371 | D:2      | Reached skill level 7 in Stealth
  2682 | D:3      | Upgraded the game from 0.32-a0-172-gc5dd13f2a7 to
                  | 0.32-a0-290-g598725c5f2
  2712 | D:3      | Reached XP level 4. HP: 23/23 MP: 5/5
  2773 | D:3      | Found a shadowy altar of Dithmenos.
  2788 | D:3      | Became a worshipper of Dithmenos the Shadowed
  3044 | D:3      | Reached XP level 5. HP: 26/26 MP: 6/6
  3059 | D:3      | Found a glowing drain.
  3063 | Sewer    | Entered a sewer
  3163 | Sewer    | Reached skill level 1 in Axes
  3380 | Sewer    | Reached skill level 8 in Stealth
  4045 | Sewer    | Reached XP level 6. HP: 32/32 MP: 7/7
  4471 | D:3      | Found a white marble altar of Elyvilon.
  4791 | D:3      | Found a faded altar of an unknown god.
  5201 | D:3      | Reached * piety under Dithmenos
  6411 | D:4      | Reached skill level 9 in Stealth
  6411 | D:4      | Reached skill level 1 in Spellcasting
  6411 | D:4      | Reached XP level 7. HP: 27/35 MP: 8/10
  7134 | D:5      | Entered Level 5 of the Dungeon
  7244 | D:5      | Noticed a two-headed ogre
  7384 | D:5      | Found a glowing golden altar of the Shining One.
  7386 | D:5      | Found a broken altar of Ashenzari.
  7434 | D:5      | Killed a two-headed ogre
  7435 | D:5      | Reached skill level 10 in Stealth
  7435 | D:5      | Reached XP level 8. HP: 42/42 MP: 11/11
  7804 | D:5      | Noticed Eustachio
  7892 | D:5      | Killed Eustachio
  7971 | D:5      | Reached skill level 11 in Stealth
  8064 | D:5      | Found a bloodstained altar of Trog.
  8064 | D:5      | Found a basalt altar of Yredelemnul.
  8615 | D:6      | Reached ** piety under Dithmenos
  9004 | D:6      | Found a staircase to the Ecumenical Temple.
  9585 | D:6      | Demolished by a wight

Illustrated notes

Levels and vault maps discovered:
D:1:      ebering_trefoil_twist, layout_basic
D:2:      layout_basic
D:3:      layout_loops_cross, mainiacjoe_overflow_boulevard,
          mainiacjoe_overflow_concentric_impassable,
          mainiacjoe_sewer_entry_somewhere_in_here_2,
          hellmonk_ecumenical_altar_arch_garden
D:4:      layout_cave_pools
D:5:      layout_basic, grunt_temple_overflow_open, gup_ossuary_entry_pyramid,
          uniq_eustachio
D:6:      layout_loops_ring, temple_green

Skill      XL: |  1  2  3  4  5  6  7  8 |
---------------+-------------------------+-----
Stealth        | 6 7 8 9 10 11 | 11.2
Dodging        | 2 3 4 |  4.7
Fighting       | 2 3 4 |  4.3
Short Blades   | 3 4 |  4.3
Axes           | 1 2 |  2.9
Spellcasting   | 1 |  1.4
Ranged Weapons | 2 3 |  3.6
Throwing       | 3 |  3.6
Polearms       | |  0.4

Action                     |  1- 3 |  4- 6 |  7- 9 || total
---------------------------+-------+-------+-------++-------
  Melee: Dagger            |    80 |    71 |    27 ||   178
         Hand axe          |    16 |   103 |    57 ||   176
         Spear             |       |    59 |       ||    59
   Fire: Shortbow          |       |       |   126 ||   126
  Throw: Dart              |     5 |    10 |    25 ||    40
  Evoke: Wand              |       |     2 |       ||     2
    Use: Scroll            |     3 |    10 |     1 ||    14
         Potion            |       |       |     1 ||     1
   Stab: Sleeping          |    12 |     9 |     4 ||    25
         Distracted        |       |     1 |     1 ||     2
 Armour: Robe              |    20 |    60 |    34 ||   114
  Dodge: Dodged            |    54 |   179 |    88 ||   321

Table legend: (Time is in decaauts)
 A = Elapsed time spent in this place.
 B = Non-inter-level travel time spent in this place.
 C = Inter-level travel time spent in this place.
 D = Time resting spent in this place.
 E = Time spent auto-exploring this place.
 F = Levels seen in this place.
 G = Mean time per level.
                   A        B        C        D        E       F      G
               +--------+--------+--------+--------+--------+-----+--------+
         Total |   7602 |   7405 |    197 |   2804 |   1065 |   7 | 1086.0 |
       Dungeon |   6312 |   6115 |    197 |   2310 |    927 |   6 | 1052.0 |
         Sewer |   1289 |   1289 |      0 |    494 |    137 |   1 | 1289.0 |
               +--------+--------+--------+--------+--------+-----+--------+

Top non-repeatable levels by time:
     D:3: 1801 daAuts
   Sewer: 1289 daAuts
     D:1: 1014 daAuts
     D:2: 958 daAuts
     D:5: 933 daAuts
     D:6: 920 daAuts
     D:4: 684 daAuts
